AoeStats
← pompoko

Arabia

508532830Analyzed
1v1 RM · 9d ago on Sep 22, 2026· 31m 18s· 2 players
Game mode
Random Map
Map size
Tiny (2 player)
Population
200
Speed
Normal
Resources
Standard
Victory
Conquest
Starting age
Dark Age
Ending age
Imperial Age
RankedLock teamsTeams togetherTeam positionsShared explorationLock speedFull tech treeHidden civsTurbo modeCheats
Victory
Defeat
🇦🇷 Hindustanis · Argentina
1073
+18
🇦🇷 Vietnamese · Argentina
1106
-18
pompoko
7:08 Loom
9:43 Feudal Age
10:36 Double-Bit Axe
12:51 Town Watch
15:44 Fletching
21:19 Castle Age
20:06 Gold Mining
19:58 Horse Collar
20:37 Bloodlines
21:20 Crossbowman
22:02 Bodkin Arrow
24:52 Bow Saw
25:34 Padded Archer Armor
28:31 Wheelbarrow
28:30 Ballistics
30:33 Thumb Ring
31:17 Hand Cart
3ms
9:45 Feudal Age
10:45 Horse Collar
10:53 Double-Bit Axe
11:41 Loom
17:20 Stone Mining
20:20 Castle Age
18:46 Fletching
19:22 Gold Mining
20:19 Padded Archer Armor
21:58 Bow Saw
28:50 Fervor
31:31 Bloodlines
Connection lost

Rejoining the realm…

Still unreachable

The connection could not be restored.

Session expired

The server has moved on; the page needs a fresh start.